 Dungeon Crawl Stone Soup version 0.30-a0-930-gb9d0489357 (webtiles) character file.

Game seed: 1557656741006448003

85 DeathPants the Sneak (level 4, 0/24 HPs)
             Began as a Vine Stalker Monk on Mar 23, 2023.
             Slain by Natasha (7 damage)
             ... on level 2 of the Dungeon.
             The game lasted 00:05:31 (1762 turns).

DeathPants the Sneak (Vine Stalker Monk)            Turns: 1762, Time: 00:05:31

Health: 0/24       AC:  3    Str: 14    XL:     4   Next: 48%
Magic:  0/5        EV: 18    Int: 10    God:
Gold:   110        SH:  0    Dex: 18    Spells: 3/3 levels left

rFire   . . .      SeeInvis +    a - +2 dagger (holy)
rCold   . . .      Faith    .    (no shield)
rNeg    . . .      Spirit   +    b - +0 robe
rPois   .          Reflect  .    (no helmet)
rElec   .          Rampage  .    (no cloak)
rCorr   .                        (no gloves)
Will    .....                    r - +0 pair of boots
Stlth   +++                      (no amulet)
HPRegen 1.04/turn                g - ring of see invisible
MPRegen 0.09/turn                j - +5 ring of evasion

@: no status effects
A: fangs 2, regeneration 1, magic shield, antimagic bite, no potion heal 2
a: no special abilities


You were on level 2 of the Dungeon.
You visited 1 branch of the dungeon, and saw 3 of its levels.

You collected 110 gold pieces.

Inventory:

Hand Weapons
 a - a +2 dagger of holy wrath (weapon)
 i - a +0 short sword
Armour
 b - a +0 robe (worn)
 r - a +0 pair of boots (worn)
Jewellery
 g - a ring of see invisible (left hand)
 j - a +5 ring of evasion (right hand)
 p - a +6 ring of intelligence
Scrolls
 f - a scroll of fog {unknown}
 k - a scroll of fear {unknown}
 m - a scroll of amnesia {unknown}
 q - a scroll of vulnerability
 s - a scroll of torment {unknown}
Potions
 c - a potion of ambrosia
 d - a potion of mutation
 e - 5 potions of curing
 h - a potion of lignification
 l - a potion of haste {unknown}
 n - 3 potions of berserk rage {unknown}
 o - a potion of flight {unknown}


   Skills:
 + Level 3.2 Fighting
 + Level 3.3 Short Blades
 + Level 2.9 Dodging
 + Level 3.5 Stealth


You had 3 spell levels left.
You didn't know any spells.
Your spell library contained the following spells:

 Spells                   Type           Power      Damage    Failure   Level
 Cigotuvi's Dreadful Rot  Necr/Pois/Air  0%         N/A       50%         2
 Ensorcelled Hibernation  Hex/Ice        0%         N/A       50%         2
 Poisonous Vapours        Pois/Air       0%         N/A       50%         2
 Mephitic Cloud           Conj/Pois/Air  0%         N/A       75%         3
 Spider Form              Tmut/Pois      0%         N/A       75%         3
 Anguish                  Hex/Necr       0%         N/A       98%         4


Dungeon Overview and Level Annotations

Branches:
Dungeon (3/15)

Altars:

Shops:
D:1 !

Annotations:
D:2 Natasha


Innate Abilities, Weirdness & Mutations

You have extremely sharp teeth.
Your natural rate of healing is unusually fast.
When hurt, damage is shared between your health and your magic reserves.
Your bite disrupts and absorbs the magic of your enemies.
Potions cannot restore your health.


Message History

The hobgoblin shouts!
You hit Natasha but do no damage.
Natasha is lightly wounded.
Natasha claws you!
You hit Natasha but do no damage. Your bite misses Natasha.
Natasha is lightly wounded.
Natasha claws you!
You closely miss Natasha.
Natasha is lightly wounded.
Natasha claws you.
You hit Natasha. Your bite misses Natasha.
Natasha is heavily wounded.
Natasha closely misses you.
You hit Natasha. Your bite misses Natasha.
Natasha is heavily wounded.
You barely miss Natasha.
Natasha is heavily wounded.
Natasha barely misses you.
You hit Natasha. Your bite misses Natasha.
Natasha is heavily wounded.
Natasha misses you.
You hit Natasha.
Natasha is severely wounded.
A bat comes into view.
Natasha completely misses you.
You hit Natasha. Your bite misses Natasha.
Natasha is severely wounded.
Natasha claws you.
You hit Natasha. Your bite misses Natasha.
Natasha is severely wounded.
Natasha claws you!
* * * LOW HITPOINT WARNING * * *
You barely miss Natasha. Your bite misses Natasha.
Natasha is severely wounded.
You barely miss Natasha. You bite Natasha, but do no damage.
Natasha is severely wounded.
Natasha howls an incantation.
You feel troubled. Natasha claws you!
You die...

.# #####.#
#...#.#
#.#.#.#
#.###.#.#.#
#.gh@.#.#.#
.....b####.#.#
......'......#
......####.###
... #.# .. #.#
. #.# ##
#######'#####
#####.
#...........#
#.....


You could see Natasha, a hobgoblin and a bat.

Vanquished Creatures
  3 adders
  2 worms (D:2)
  2 dart slugs (D:1)
  3 ball pythons
  4 endoplasms
  4 giant cockroaches (D:1)
  6 goblins
  3 hobgoblins (D:1)
  2 jackals (D:1)
  7 kobolds
  3 quokkas
  2 frilled lizards
  2 rats (D:1)
43 creatures vanquished.

Notes
Turn   | Place    | Note
-------+----------+-------------------------------------------
     0 | D:1      | DeathPants the Vine Stalker Monk began the quest for the
                  | Orb.
     0 | D:1      | Reached XP level 1. HP: 11/11 MP: 2/2
    96 | D:1      | Reached XP level 2. HP: 16/16 MP: 3/3
   307 | D:1      | Reached XP level 3. HP: 20/20 MP: 1/4
   531 | D:1      | Found Ytones's Distillery.
  1395 | D:2      | Gained mutation: Your natural rate of healing is unusually
                  | fast. [Vine Stalker growth]
  1395 | D:2      | Reached XP level 4. HP: 19/24 MP: 3/5
  1748 | D:2      | Noticed Natasha
  1762 | D:2      | Slain by Natasha

Illustrated notes

Levels and vault maps discovered:
D:1:      nicolae_arrival_somewhat_less_tricky_arrival, layout_rooms,
          serial_shops, shop, minmay_3d_cube
D:2:      layout_basic, dk_noncrumbling_3, minmay_mini_jars, uniq_natasha
D:3:      layout_rooms, serial_shops, nicolae_shop_bloodbath_and_beyond,
          gammafunk_ghost_smash

Skill      XL: |  1  2 |
---------------+-------+-----
Stealth        | 3 |  3.5
Fighting       | 3 |  3.2
Short Blades   | 3 |  3.3
Dodging        | |  2.9

Action                     |  1- 3 |  4- 6 || total
---------------------------+-------+-------++-------
  Melee: Short sword       |    67 |       ||    67
         Bite              |    22 |     3 ||    25
         Dagger            |    47 |    22 ||    69
    Use: Scroll            |       |     4 ||     4
   Stab: Sleeping          |     4 |     2 ||     6
 Armour: Robe              |    10 |       ||    10
  Dodge: Dodged            |    78 |     9 ||    87

Table legend: (Time is in decaauts)
 A = Elapsed time spent in this place.
 B = Non-inter-level travel time spent in this place.
 C = Inter-level travel time spent in this place.
 D = Time resting spent in this place.
 E = Time spent auto-exploring this place.
 F = Levels seen in this place.
 G = Mean time per level.
                   A        B        C        D        E       F      G
               +--------+--------+--------+--------+--------+-----+--------+
         Total |   1741 |   1729 |     12 |      0 |   1246 |   3 |  580.3 |
       Dungeon |   1741 |   1729 |     12 |      0 |   1246 |   3 |  580.3 |
               +--------+--------+--------+--------+--------+-----+--------+

Top non-repeatable levels by time:
     D:2: 1012 daAuts
     D:1: 720 daAuts
     D:3: 8 daAuts
